[Event ""]
[Site "FICS"]
[Date "2025-04-27"]
[Round "7"]
[White "MauLo"]
[Black "AsDaGo"]
[Result "1-0"]
[WhiteElo "2424"]
[BlackElo "2094"]
[TimeControl "2700+45"]
[Time "21:08:10"]
[PlyCount "50"]

1. e4 c5
2. Nc3 Nc6
3. Nf3 g6
4. d4 cxd4
5. Nxd4 Bg7
6. Be3 Nf6
7. Nb3 O-O
8. Be2 a6
9. Nd5 Nxd5
10. exd5 Nb8
11. c3 b5
12. h4 h6
13. Qd2 Kh7
14. h5 g5
15. f4 f6
16. Bd3+ Kg8
17. Bc2 g4
18. f5 Kh7
19. Rh4 Qe8
20. O-O-O Rg8
21. Rxg4 Qf8
22. Rg6 d6
23. Nd4 Rh8
24. Ne6 Bxe6
25. fxe6 1-0